Get step-by-step instructions on how to execute this build order below. Start the game timer, and the build order will tick by so you can play in parallel with StarCraft on a second screen or mobile device.

Game Time

  0:00

Last Step

  N/A

Next Step

  12  0:00  Drone  

Upcoming Step

  13  0:13  Overlord  

Don't want to look back and forth between 2 screens? Try out our Overwolf App, the Spawning Tool Build Advisor to get an in-game overlay with this build!

Complete Build Order

  12  0:00  Drone  
  13  0:13  Overlord  
  13  0:17  Drone  
  14  0:31  Drone x2  
  16  0:50  Hatchery  
  16  0:53  Drone  
  16  0:56  Drone  
  17  1:00  Drone  
  18  1:10  Extractor  
  17  1:15  Spawning Pool  
  16  1:18  Drone  
  16  1:22  Drone  
  18  1:28  Drone  
  19  1:39  Drone  
  20  1:50  Drone  
  21  2:01  Overlord  
  21  2:02  Queen x2, Zergling x2  
  26  2:13  Zergling x2  
  26  2:14  Drone  
  28  2:23  Drone x2  
  30  2:33  Drone  
  30  2:34  Drone  
  30  2:36  Hatchery  
  31  2:42  Queen  
  33  2:47  Overlord  
  33  2:50  Drone  
  34  2:54  Drone  
  34  2:57  Drone  
  36  3:09  Drone x2  
  36  3:10  Overlord  
  38  3:13  Drone x4  
  38  3:19  Queen  
  44  3:28  Drone x4  
  48  3:34  Overlord  
  48  3:41  Spore Crawler, Drone  
  47  3:42  Drone x4  
  52  3:50  Drone  
  52  3:53  Overlord  
  52  3:54  Drone x3  
  56  3:59  Queen  
  56  4:02  Spore Crawler  
  57  4:03  Spore Crawler  
  57  4:06  Drone x2  
  58  4:12  Drone  
  58  4:15  Drone x5  
  64  4:21  Overlord  
  64  4:23  Drone x2  
  66  4:29  Roach Warren, Drone  
  66  4:32  Overlord  
  66  4:37  Overlord  
  66  4:42  Extractor  
  66  4:43  Lair  
  66  4:44  Extractor, Drone x5  
  69  4:46  Overlord  
  69  4:47  Evolution Chamber  
  69  4:52  Overlord  
  67  4:53  Drone  
  67  4:54  Drone  
  67  4:55  Overlord  
  69  5:10  Roach x6  
  69  5:13  Zerg Missile Weapons Level 1  
  81  5:14  Overlord  
  81  5:16  Drone x4  
  81  5:21  Extractor  
  84  5:22  Extractor  
  84  5:24  Overlord  
  84  5:26  Drone x5  
  88  5:28  Drone  
  88  5:34  Extractor  
  88  5:38  Drone x5  
  88  5:42  Drone x2  
  84  5:43  Drone  
  84  5:44  Hatchery, Drone x3  
  85  5:56  Hydralisk Den  
  84  5:57  Drone x5  
  84  5:59  Drone  
  84  6:03  Drone  
  91  6:05  Glial Reconstitution, Drone x3  
  91  6:09  Overlord, Drone  
  95  6:18  Overlord  
  93  6:19  Drone  
  94  6:26  Muscular Augments, Drone  
  94  6:27  Overlord  
  94  6:28  Hydralisk x3  
  94  6:29  Hydralisk  
  94  6:31  Pneumatized Carapace  
  104  6:32  Drone  
  104  6:33  Drone  
  104  6:34  Overseer  
  104  6:38  Drone  
  105  6:40  Extractor  
  105  6:41  Roach x2  
  105  6:42  Roach  
  110  6:47  Roach x3  
  116  6:55  Roach x5  
  116  6:59  Roach x3  
  132  7:04  Overlord  
  132  7:05  Ravager  
  133  7:11  Zerg Missile Weapons Level 2  
  133  7:12  Overlord  
  131  7:17  Overlord  
  131  7:21  Hydralisk x5  
  137  7:25  Drone x5  
  140  7:32  Hydralisk  
  140  7:33  Hydralisk x2  
  136  7:41  Overlord  
  136  7:43  Hydralisk x4  
  136  7:48  Grooved Spines  
  140  7:53  Roach x5  
  150  8:00  Nydus Network  
  149  8:09  Hydralisk x7  
  149  8:12  Overlord  
  163  8:23  Overlord  
  160  8:33  Hydralisk x8  
  166  8:42  Nydus Canal  
  166  8:45  Roach x4  
  166  8:46  Roach x3  
  180  8:50  Roach x3  
  180  8:55  Roach x3  
  192  9:02  Nydus Canal  
  192  9:05  Roach x3  
  192  9:07  Overlord  
  190  9:16  Roach x4  
  184  9:20  Hydralisk x3  
  184  9:21  Overlord